 Dungeon Crawl Stone Soup version 0.29.1-12-g30fa7ad0bf (webtiles) character file.

Game seed: 2573325392413848530

5957 concernfroge the Fighter (level 9, -8/77 HPs)
             Began as a Mummy Monk on Dec 24, 2022.
             Was a Priest of Ru.
             Killed from afar by an acid dragon (34 damage)
             ... with a splash of acid
             ... on level 8 of the Dungeon on Dec 25, 2022.
             The game lasted 00:50:35 (14332 turns).

concernfroge the Fighter (Mummy Monk)              Turns: 14332, Time: 00:50:36

Health: -8/77      AC:  5    Str: 14    XL:     9   Next: 54%
Magic:  18/18      EV: 12    Int: 14    God:    Ru [***...]
Gold:   296        SH:  0    Dex: 18    Spells: 8/8 levels left

rFire   x . .      SeeInvis +   p - +9 falchion of Obaalor {venom, SInv}
rCold   + + .      Faith    .   (no shield)
rNeg    + + +      Spirit   .   d - +1 ring mail {rC+}
rPois   ∞          Reflect  .   (no helmet)
rElec   .          Harm     .   c - scarf {repulsion}
rCorr   .          Rampage  .   (no gloves)
Will    +....                   i - +2 pair of boots
Stlth   +.........              (no amulet)
HPRegen 0.22/turn               k - +6 ring of intelligence
MPRegen 0.16/turn               h - ring of magical power

@: about to teleport, corroded, repel missiles
A: cold resistance 1, dopey 1, negative energy resistance 3, torment resistance
2, heat vulnerability 1, unskilled 1, inexperienced 1, in touch with death 1, no
potions
a: Renounce Religion, Draw Out Power


You were on level 8 of the Dungeon.
You worshipped Ru.
Ru was most pleased with you.
You visited 2 branches of the dungeon, and saw 12 of its levels.

You collected 500 gold pieces.
You spent 204 gold pieces at shops.

Inventory:

Hand Weapons
 p - the +9 falchion of Obaalor (weapon) {venom, SInv}
   (You took it off an orc on level 2 of the Dungeon)

   It poisons the flesh of those it strikes.
   SInv:      It lets you see invisible.
Missiles
 b - a stone (quivered)
 l - an atropa-tipped dart
 o - 3 boomerangs of dispersal
Armour
 c - a scarf of repulsion (worn)
 d - a +1 ring mail of cold resistance (worn)
 i - a +2 pair of boots (worn)
Jewellery
 h - a ring of magical power (right hand)
 k - a +6 ring of intelligence (left hand)
Wands
 f - a wand of light (5)
Scrolls
 a - a scroll of butterflies
 e - 3 scrolls of identify
 j - 2 scrolls of torment
 m - a scroll of enchant weapon
 s - a scroll of amnesia
 t - 4 scrolls of immolation
 u - 2 scrolls of brand weapon
 v - a scroll of poison


   Skills:
 + Level 9.6 Fighting
 + Level 6.6 Long Blades
 - Level 3.6 Throwing
 - Level 3.6 Armour
 - Level 3.6 Dodging
 - Level 1.4 Stealth
 - Level 3.6 Evocations


You had 8 spell levels left.
You didn't know any spells.
Your spell library contained the following spells:

 Spells                   Type           Power      Damage    Failure   Level
 Shock                    Conj/Air       0%         1d3       50%         1
 Swiftness                Air            0%         N/A       86%         3
 Airstrike                Air            0%         2d(0-16)  99%         4


Dungeon Overview and Level Annotations

Branches:
Dungeon (11/15)            Temple (1/1) D:4
   Lair: D:8-11         Orc: D:9-12

Altars:
Ashenzari
Cheibriados
Dithmenos
Fedhas
Gozag
Hepliaklqana
Kikubaaqudgha
Makhleb
Nemelex Xobeh
Okawaru
Qazlal
Ru
Trog
Uskayaw
Vehumet
Wu Jian
Xom
Yredelemnul

Shops:
D:4 *   D:9 (   D:11 *([

Annotations:
D:4 Edmund
D:7 2 runed translucent doors, exclusion: 2 doors
D:8 3 runed translucent doors, lotusamurai3's ghost, journeyman TeMo


Innate Abilities, Weirdness & Mutations

You are immune to poison.
Your flesh is cold resistant. (rC+)
You are dopey. (Int -2)
You are immune to negative energy. (rN+++)
You are immune to unholy pain and torment.
You are vulnerable to heat. (rF-)
You are somewhat unskilled. (-1 Apt)
You are somewhat inexperienced. (-1 XL)
You are in touch with the powers of death.
You do not drink.


Message History

The bolt of light hits the seven-headed hydra!
The seven-headed hydra is severely wounded.
Aiming: Bolt of Light
Press: ? - help, Shift-Dir - straight line, f/p - seven-headed hydra
Aim: a seven-headed hydra (severely wounded, blind, 91% to hit)
The bolt of light hits the seven-headed hydra!!
You kill the seven-headed hydra!
A steam dragon comes into view.
Aiming: Bolt of Light
Press: ? - help, Shift-Dir - straight line
Okay, then.
Aiming: Bolt of Light
Press: ? - help, Shift-Dir - straight line, f - steam dragon
Aim: a steam dragon (wandering, hasn't noticed you, 74% to hit)
The bolt of light hits the steam dragon!
The steam dragon is heavily wounded.
The steam dragon hisses angrily.
The steam dragon is blinded.
The steam dragon breathes steam at you. The ball of steam misses you.
You hear a horrible gurgling sound!
An acid dragon comes into view.
The steam dragon breathes steam at you. The ball of steam hits you!!
The steam scalds you terribly!
You focus your inner power and blind something in retribution!
The acid dragon spits acid at you. The splash of acid hits you!!
The acid corrodes you!
You focus your inner power and slow the acid dragon in retribution!
Aiming: Bolt of Light
Press: ? - help, Shift-Dir - straight line, p - steam dragon The bolt of light hits the steam dragon!!
You kill the steam dragon!
The steam dragon scales are intact enough to wear.
You are engulfed in a cloud of scalding steam.
As you read the scroll of teleportation, it crumbles to dust.
You feel strangely unstable.
The acid dragon is no longer moving slowly.
The acid dragon spits acid at you. The splash of acid hits you!!
You die...

#.....#####.#####......#
#.....#...#.....+......'
#.....#....#....#......#
#.....#....#....##'###..
#.....#....#.........###
#.....#....#.........#
#...).#...###+####...#
#..†.§#'#### #...#
#......@...# .....#
#..........# ..##...#
#..§.§.....#..u #...#
#...§.§.(..#.. #....
##########....§...u.#.
#....#
...T..........[..#'##
#....#
.................#...
...............D.#.....
.................. ..u..


You could see a purple ugly thing and an acid dragon (catching breath).

Vanquished Creatures
  A hydra (D:8)
  A two-headed ogre (D:9)
  An unseen horror (D:10)
  Grinder (D:5)
  3 shadows (D:11)
  2 yaks (D:10)
  A vampire (D:8)
  A basilisk (D:8)
  2 vampire mosquitoes (D:11)
  Menkaure (D:7)
  A steam dragon (D:8)
  A sky beast (D:7)
  3 black bears
  2 orc warriors
  An ogre (D:5)
  A centaur (D:8)
  2 bullfrogs
  2 necrophages
  A gnoll sergeant (D:7)
  10 wights
  2 killer bees
  2 jellies (D:6)
  4 hounds
  7 orc priests
  2 gnoll boudas
  3 iguanas
  11 orc wizards
  6 adders
  15 gnolls
  2 white imps (D:5)
  An ufetubus (D:4)
  3 worms
  A dart slug (D:2)
  26 orcs
  9 ball pythons
  6 endoplasms
  7 giant cockroaches
  9 goblins
  8 hobgoblins
  3 quokkas
  3 bats (D:1)
  A frilled lizard (D:2)
  4 kobolds
  3 rats
176 creatures vanquished.

Vanquished Creatures (others)
  A hobgoblin (D:4)
  24 fungi
  22 plants (D:10)
47 creatures vanquished.

Grand Total: 223 creatures vanquished

Notes
Turn   | Place    | Note
-------+----------+-------------------------------------------
     0 | D:1      | concernfroge the Mummy Monk began the quest for the Orb.
     0 | D:1      | Reached XP level 1. HP: 18/18 MP: 1/1
   482 | D:1      | Reached XP level 2. HP: 17/24 MP: 2/2
  1137 | D:1      | Reached skill level 4 in Fighting
  1816 | D:2      | Gained mutation: You are in touch with the powers of death.
                  | [Mummy growth]
  1816 | D:2      | Reached XP level 3. HP: 22/30 MP: 3/3
  2153 | D:2      | Found a faded altar of an unknown god.
  2392 | D:3      | Reached skill level 5 in Fighting
  2392 | D:3      | Reached XP level 4. HP: 39/39 MP: 4/4
  2429 | D:3      | Identified the +9 falchion of Obaalor {venom, SInv}
  2712 | D:3      | HP: 1/39 [orc/the +9 falchion of Obaalor {venom, SInv} (5)]
  2887 | D:3      | Found a hazy altar of Hepliaklqana.
  3670 | D:4      | Noticed Edmund
  3690 | D:3      | Reached XP level 5. HP: 39/46 MP: 5/5
  3797 | D:4      | Found Seutrurch's Fire Supplies.
  3847 | D:4      | Found a staircase to the Ecumenical Temple.
  3856 | Temple   | Entered the Ecumenical Temple
  4073 | Temple   | Became a worshipper of Ru the Awakened
  4082 | Temple   | Gained mutation: You are somewhat inexperienced. (-1 XL)
                  | [Ru sacrifice]
  4082 | Temple   | Reached XP level 4. HP: 40/40 MP: 4/4
  4082 | Temple   | Reached * piety under Ru
  4160 | D:4      | Reached skill level 6 in Fighting
  4616 | D:4      | Reached XP level 5. HP: 47/47 MP: 5/5
  4970 | D:2      | Reached skill level 7 in Fighting
  7626 | D:5      | Entered Level 5 of the Dungeon
  8026 | D:5      | Reached skill level 1 in Throwing
  8073 | D:5      | Reached XP level 6. HP: 45/55 MP: 6/6
  8205 | D:5      | Noticed Grinder
  8232 | D:5      | Killed Grinder
  8293 | D:5      | Found an opulent altar of Gozag.
  8801 | D:6      | Reached XP level 7. HP: 58/61 MP: 7/7
  8861 | D:6      | Reached skill level 8 in Fighting
  9198 | D:6      | Found a burning altar of Makhleb.
  9418 | D:7      | Noticed Menkaure
  9432 | D:7      | Killed Menkaure
  9901 | D:7      | Reached skill level 1 in Armour
  9901 | D:7      | Reached skill level 1 in Evocations
 10157 | D:7      | Gained mutation: You are dopey. (Int -2) [Ru sacrifice]
 10157 | D:7      | Reached ** piety under Ru
 10313 | D:7      | Found a large runed translucent door.
 10314 | D:7      | Found a large runed translucent door.
 10314 | D:7      | Noticed a cyclops
 11017 | D:8      | Found a sparkling altar of Nemelex Xobeh.
 11031 | D:8      | Noticed a troll
 11196 | D:8      | Found a stormy altar of Qazlal.
 11198 | D:8      | Found a bloodstained altar of Trog.
 11222 | D:8      | Identified the +4 flail "Keuroin" {freeze, rElec rN+
                  | Stlth+}
 11226 | D:8      | Noticed a purple ugly thing
 11238 | D:8      | Noticed a seven-headed hydra
 11242 | D:8      | Noticed a purple ugly thing
 11244 | D:8      | Found a runed translucent gate.
 11244 | D:8      | Found a runed translucent gate.
 11248 | D:8      | Found a runed translucent gate.
 11248 | D:8      | Noticed lotusamurai3's ghost (journeyman TeMo)
 11641 | D:9      | Found Mawnot's Weapon Emporium.
 11684 | D:9      | Reached XP level 8. HP: 50/69 MP: 8/8
 11822 | D:9      | Noticed a two-headed ogre
 11875 | D:8      | You fall into a shaft and drop 3 floors!
 12002 | D:11     | Identified the +1 leather armour of Yredelemnul's Esteem
                  | {rElec Slay-5 SInv}
 12208 | D:11     | Found Gesh's Armour Shop.
 12213 | D:11     | Found Sumebo's Antique Weapon Emporium.
 12214 | D:11     | Bought a scarf of repulsion for 204 gold pieces
 12258 | D:11     | Noticed a two-headed ogre
 12415 | D:11     | Noticed a cyclops
 12442 | D:11     | Found Fakosm's General Store.
 12468 | D:11     | Reached skill level 5 in Long Blades
 12477 | D:11     | Reached skill level 9 in Fighting
 12499 | D:11     | Noticed a two-headed ogre
 12535 | D:10     | Entered Level 10 of the Dungeon
 12535 | D:10     | Found a basalt altar of Yredelemnul.
 12901 | D:10     | Noticed an unseen horror
 12912 | D:10     | Killed an unseen horror
 13273 | D:9      | Reached XP level 9. HP: 68/77 MP: 9/9
 13425 | D:9      | Noticed a two-headed ogre
 13446 | D:9      | Killed a two-headed ogre
 14072 | D:8      | Found a broken altar of Ashenzari.
 14153 | D:8      | Gained mutation: You are somewhat unskilled. (-1 Apt) [Ru
                  | sacrifice]
 14153 | D:8      | Reached *** piety under Ru
 14319 | D:8      | Killed a seven-headed hydra
 14332 | D:8      | Killed from afar by an acid dragon

Illustrated notes

Levels and vault maps discovered:
D:1:      dpeg_arrival_prison, layout_loops_corners, minmay_pentomino_w2
D:2:      layout_loops_ring, dilly_ecumenical_altar_fadedgnrine
D:3:      layout_rooms, lemuel_doored_altar
D:4:      layout_loops_ring, minmay_temple_entry_hall, nicolae_shop_fire_sale
          [nicolae_sub_dead_trees], minmay_tree_intersection, uniq_edmund
D:5:      layout_rooms, nicolae_gozag_cash_rules_everything_around_me,
          uniq_grinder
D:6:      layout_loops_ring, mainiacjoe_overflow_alcove_4
D:7:      layout_basic, jmf_multi_god_temple2, uniq_menkaure
D:8:      minmay_cut_squares, layout_gridville, overflow_temple_1_default,
          mainiacjoe_overflow_boulevard, mainiacjoe_overflow_catwalk_spiral,
          ebering_ghost_rock_garden, hangedman_ranch
D:9:      nzn_winding_woodlands_cross [nzn_winding_woodlands_5x15_cabin,
          nzn_winding_woodlands_5x15_pool, nzn_winding_woodlands_5x15_eye,
          nzn_winding_woodlands_5x15_garden,
          nzn_winding_woodlands_15x15_thick_spiral], layout_loops_corners,
          serial_shops, nicolae_shop_competitors_out_of_business
D:10:     layout_loops_cross, lemuel_crystal_altar,
          mainiacjoe_overflow_tiny_flanked, mainiacjoe_overflow_six_doors_small,
          grunt_lair_entry_orc_guard_hut, hiddenorc2_lemuel, minmay_between
D:11:     layout_basic, serial_shops, nicolae_shop_window_shopping,
          nicolae_shop_stone, shop, shop, nicolae_stop_n_shop_1
Temple:   dpeg_chambers_temple

Skill      XL: |  1  2  3  4  5  6  7  8  9 |
---------------+----------------------------+-----
Fighting       | 4 5 6 7 8 9 |  9.6
Throwing       | 1 2 3 4 3 |  3.6
Long Blades    | 3 4 5 6 |  6.6
Dodging        | 3 4 3 |  3.6
Armour         | 1 3 3 |  3.6
Evocations     | 1 3 3 |  3.6
Stealth        | |  1.4

Action                   |  1- 3 |  4- 6 |  7- 9 || total
-------------------------+-------+-------+-------++-------
Melee: Falchion          |   105 |    74 |   237 ||   416
       Punch             |     2 |       |     5 ||     7
       Flail             |       |   155 |       ||   155
Throw: Stone             |       |    16 |    25 ||    41
       Dart              |       |    12 |    11 ||    23
       Javelin           |       |       |     7 ||     7
       Throwing net      |       |       |     3 ||     3
Invok: Sacrifice Experie |       |     1 |       ||     1
       Sacrifice Purity  |       |       |     1 ||     1
       Sacrifice Skill   |       |       |     1 ||     1
Evoke: Wand              |     5 |       |    12 ||    17
  Use: Scroll            |       |     4 |    15 ||    19
 Stab: Sleeping          |     5 |     1 |       ||     6
       Invisible         |       |     1 |     2 ||     3
Armor: Robe              |     4 |       |       ||     4
       Ring mail         |    33 |   101 |    68 ||   202
Dodge: Dodged            |    59 |   133 |   118 ||   310
       Repelled          |       |       |     1 ||     1
